 Dungeon Crawl Stone Soup version 0.32-a0-996-gb3226c2 (webtiles) character file.

Game seed: 12782974585976005567

82394 csikos the Thaumaturge (level 15, -6/108 HPs)
             Began as a Coglin Alchemist on Apr 22, 2024.
             Was a High Priest of Vehumet.
             Mangled by a +2 spectral giant club (18 damage)
             ... created by Erolcha
             ... on level 2 of the Orcish Mines on Apr 23, 2024.
             The game lasted 01:35:01 (27372 turns).

csikos the Thaumaturge (Coglin Alchemist)          Turns: 27372, Time: 01:35:02

Health: -6/108     AC:  9    Str:  9    XL:     15   Next: 73%
Magic:  9/30       EV: 17    Int: 21    God:    Vehumet [*****.]
Gold:   1502       SH:  0    Dex: 19    Spells: 4/37 levels left

rFire   + + .        y - staff of air {Noor}
rCold   + + .        c - staff of fire {Florimund}
rNeg    + . .        M - +3 leather armour {rN+}
rPois   +            (no helmet)
rElec   +            a - scarf of the Eight Boll Weevils {rC+ rF+, rElec Dex+4}
rCorr   +            w - +1 pair of gloves of the Soldier {Fly rPois}
SInv    .            J - +0 pair of boots
Will    +....        (amulet unavailable)
Stlth   ++           (ring unavailable)
HPRegen 0.38/turn    (ring unavailable)
MPRegen 0.22/turn    i - georamjet NW-00 {AutoDazzle, rPois rC+ rCorr}

%: no passive effects
@: about to teleport, flying, revving
A: off-hand wielding, slow wielding, warmup strikes, no jewellery
a: Renounce Religion


You were on level 2 of the Orcish Mines.
You worshipped Vehumet.
Vehumet was extremely pleased with you.
You visited 4 branches of the dungeon, and saw 20 of its levels.
You also visited: Bailey.

You collected 3142 gold pieces.
You spent 1640 gold pieces at shops.

Inventory:

Missiles
 v - 31 poisoned darts
 I - 8 curare-tipped darts
 R - 4 throwing nets
Armour
 a - the scarf of the Eight Boll Weevils (worn) {rC+ rF+, rElec Dex+4}
   (You acquired it on level 7 of the Dungeon)

   Dex+4:     It affects your dexterity (+4).
   rElec:     It insulates you from electricity.
 e - the +3 robe "Diyxzat" {Will+ rCorr}
   (You found it on level 12 of the Dungeon)

   Will+:     It increases your willpower.
   rCorr:     It protects you from acid and corrosion.
 w - the +1 pair of gloves of the Soldier (worn) {Fly rPois}
   (You acquired it on level 7 of the Dungeon)

   rPois:     It protects you from poison.
   Fly:       It grants you flight.
 C - a +2 robe of cold resistance
 G - a +2 leather armour of poison resistance
 H - +0 fire dragon scales
 J - a +0 pair of boots (worn)
 M - a +3 leather armour of positive energy (worn)
 T - the +1 scale mail of the Byakko {rF++ Int+2}
   (You took it off an orc on level 9 of the Dungeon)

   Int+2:     It affects your intelligence (+2).
   rF++:      It greatly protects you from fire.
Magical Staves
 c - a staff of fire (offhand) {Florimund}
 t - a staff of cold
 y - a staff of air (weapon) {Noor}
Gizmo
 i - a georamjet NW-00 (installed) {AutoDazzle, rPois rC+ rCorr}
   (You invented it yourself on level 2 of the Lair of Beasts)

   [georamjet NW-00]

   AutoDazzle: It sometimes fires a blinding ray at enemies whose attacks you
   dodge.
   rC+:       It protects you from cold.
   rPois:     It protects you from poison.
   rCorr:     It protects you from acid and corrosion.
Wands
 h - a wand of flame (35)
 s - a wand of roots (25)
 x - a wand of polymorph (10)
 E - a wand of mindburst (5)
 F - a wand of digging (5)
 V - a wand of acid (7)
 W - a wand of charming (14)
Scrolls
 f - 3 scrolls of amnesia
 j - 3 scrolls of butterflies
 l - a scroll of fear
 n - 2 scrolls of poison
 u - 4 scrolls of noise
 z - 2 scrolls of vulnerability
 A - 4 scrolls of teleportation
 B - 5 scrolls of identify
 N - 4 scrolls of blinking
 Q - 3 scrolls of torment
 X - 6 scrolls of revelation
 Z - 3 scrolls of immolation
Potions
 b - 4 potions of magic
 d - a potion of might
 g - a potion of attraction
 k - 3 potions of heal wounds
 m - a potion of brilliance
 o - 4 potions of enlightenment
 p - a potion of haste
 q - a potion of resistance
 r - 3 potions of ambrosia
 D - 3 potions of cancellation
 L - 2 potions of mutation
 O - 3 potions of curing
 P - a potion of lignification
Miscellaneous
 K - a sack of spiders
 S - a tin of tremorstones (2/2)


   Skills:
 - Level 7.1 Fighting
 - Level 10.0 Dodging
 - Level 1.5 Stealth
 + Level 11.8 Spellcasting
 - Level 6.6 Conjurations
 - Level 11.3 Fire Magic
 - Level 11.0 Air Magic
 + Level 11.1 Alchemy


You had 4 spell levels left.
You knew the following spells:

 Your Spells              Type           Power      Damage    Failure   Level
a - Plasma Beam           Fire/Air       46%        2x1d61    3%          6
b - Mercury Vapours       Alch/Air       100%       N/A       1%          2
c - Mephitic Cloud        Conj/Alch/Air  68%        N/A       1%          3
d - Olgreb's Toxic Radia  Alch           56%        N/A       1%          4
e - Sticky Flame          Fire/Alch      74%        2d12      1%          4
f - Ignite Poison         Fire/Alch      74%        N/A       1%          4
g - Flame Wave            Conj/Fire      66%        2d15      1%          4
h - Conjure Ball Lightni  Conj/Air       32%        3x3d10    9%          6

Your spell library contained the following spells:

 Spells                   Type           Power      Damage    Failure   Level
 Arcjolt                  Conj/Air       32%        1d42      1%          5
 Foxfire                  Conj/Fire      100%       2x1d9     1%          1
 Magic Dart               Conj           100%       1d8       1%          1
 Sting                    Conj/Alch      100%       1d9       1%          1
 Cigotuvi's Dreadful Rot  Necr/Alch/Air  100%       N/A       1%          2
 Inner Flame              Hex/Fire       53%        N/A       1%          3
 Brom's Barrelling Bould  Conj/Erth      26%        2d5       5%          4
 Summon Ice Beast         Ice/Summ       12%        N/A       22%         3
 Dispel Undead            Necr           12%        3d9       58%         4
 Martyr's Knell           Necr/Summ      12%        N/A       58%         4
 Alistair's Intoxication  Alch           37%        N/A       2%          5
 Eringya's Noxious Bog    Alch           28%        4d6       3%          6
 Freezing Cloud           Conj/Ice/Air   26%        6-21      5%          5
 Bombard                  Conj/Erth      13%        9d3       56%         6
 Borgnjor's Vile Clutch   Necr/Erth      6%         N/A       91%         5
 Summon Mana Viper        Hex/Summ       12%        N/A       91%         5
 Monstrous Menagerie      Summ           6%         N/A       100%        7
 Seismic Cannonade        Alch/Erth      17%        6d8       100%        7


Dungeon Overview and Level Annotations

Branches:
Dungeon (12/15)            Temple (1/1) D:7            Lair (5/5) D:11
  Swamp (0/4) Lair:3        Snake (0/4) Lair:2        Slime (0/5) Lair:5
    Orc (2/2) D:11            Elf (0/3) Orc:2        Bailey (visited)

Altars:
Ashenzari
Cheibriados
Dithmenos
Elyvilon
Fedhas
Gozag
Hepliaklqana
Kikubaaqudgha
Makhleb
Nemelex Xobeh
Okawaru
Qazlal
Ru
Sif Muna
Trog
Uskayaw
Vehumet
Wu Jian
Xom
Yredelemnul
Zin
The Shining One
Jiyva

Shops:
D:4 :   D:8 ([   D:11 *   Orc:1 *!(   Orc:2 [??=

Annotations:
Lair:5 exclusion: skyshark
Orc:1 1 transporter
Orc:2 Erolcha


Innate Abilities, Weirdness & Mutations

You can wield a second weapon in your off-hand.
It takes a long time for you to wield or remove held weapons.
Your first few attacks do less damage.
You cannot equip rings or amulets.


Message History

You hear some strange, mumbled words.
Unknown command.
Unknown command.
Unknown command.
You hear a shout!
You see here a +0 giant club.
You see here a +0 giant club.
Things that are here:
a +0 dagger; a +0 robe; an orc skeleton Something hits you but does no damage.
Something barely misses you. The +2 spectral giant club hits you!
A +2 spectral giant club comes into view.
You hit the +2 spectral giant club but do no damage. x2
Something hits you. Something barely misses you.
The +2 spectral giant club misses you. Something barely misses you.
You barely miss the +2 spectral giant club with your staff of air.
You closely miss the +2 spectral giant club with your staff of fire.
Something barely misses you. Something hits you!!
The +2 spectral giant club hits you but does no damage.
You hit the +2 spectral giant club but do no damage. x2
Something hits you but does no damage.
Unknown command.
As you read the scroll of teleportation, it crumbles to dust.
You feel strangely unstable. Something hits you!!
* * * LOW HITPOINT WARNING * * *
The +2 spectral giant club misses you. Something completely misses you.
Unknown command.
The +2 spectral giant club attacks as it pursues you!
Something closely misses you.
Unknown command.
The +2 spectral giant club disappears.
A magic dart appears from out of thin air!
The magic dart hits you.
* * * LOW HITPOINT WARNING * * *
Unknown command.
Something tries to affect you, but you resist.
Something hits you.
* * * LOW HITPOINT WARNING * * *
The +2 spectral giant club hits you!!
You die...

##.........≈ ≈≈≈§§....o.55§#
###........≈ ##§..)5)54o##
#≈#'#)###... #...###3#'#≈ ##
#≈.....# .. ......≈ #.b5h.§
.## #≈..ß..# . ......≈
#..ß.§≈ ..# ##≈....≈# .∩..ß.§
#≈...h≈ .##
#≈≈≈...≈###############≈)..≈§
##
#≈≈≈≈..≈≈≈≈≈§≈≈≈§§≈≈§≈≈≈..≈≈≈
#
#§§≈≈.)..)..@(......§.....≈≈§
#§§≈≈...)).............)..≈≈≈
#≈≈≈....#).....ß....).#....≈≈
##§≈ß..≈#≈.)#.)...#..≈#≈..ß≈§
#≈≈#..≈#≈§.#≈..§≈#.§≈#≈..#≈§
#≈≈#..≈#≈).#§...§#..≈#§..#§≈
#§###..#§§##≈...§##..#..###≈
####≈#.....#≈≈...≈≈#.....# #
#≈≈≈≈###∩###≈≈...≈≈###∩###§


You could see a +2 spectral giant club (wandering).

Vanquished Creatures
  Gastronok (Lair:2)
  2 orc warlords
  A fire dragon (Lair:5)
  8 hydras
  An ogre mage (Orc:2)
  3 catoblepae (Lair:2)
  2 boulder beetles
  A centaur warrior (D:12)
  5 death yaks
  5 two-headed ogres
  An orc high priest (Orc:2)
  Urug (Lair:3)
  Amaemon (Lair:2)
  2 skysharks
  Pikel (D:5)
  2 orc knights
  2 lindwurms
  7 orc sorcerers (Orc:2)
  A deep elf pyromancer (D:12)
  2 cyclopes (D:12)
  Maurice (D:9)
  24 elephants
  7 black mambas
  12 cane toads
  2 molten gargoyles (Lair:5)
  A torpor snail (Lair:2)
  2 gargoyles
  An orange demon (Lair:2)
  15 komodo dragons
  6 rime drakes
  Prince Ribbit (D:5)
  7 trolls
  4 polar bears
  36 blink frogs
  4 dream sheep (Lair:4)
  3 slime creatures (D:12)
  A shadow (D:10)
  2 vampires
  14 wyverns
  4 wraiths
  45 yaks
  3 steam dragons
  10 basilisks
  Grum (D:8)
  6 vampire mosquitoes
  An acid dragon (D:12)
  2 nagas (Lair:2)
  4 hell hounds (Lair:5)
  19 water moccasins
  An ice beast (D:6)
  4 sky beasts
  25 orc warriors
  A swamp drake (Lair:3)
  3 black bears
  4 wolves
  10 ogres
  2 centaurs
  A lemure (D:5)
  2 phantoms (D:5)
  4 kobold brigands
  17 bullfrogs
  2 gnoll sergeants
  3 scorpions
  6 wights
  11 killer bees
  2 howler monkeys (D:10)
  2 electric eels (D:9)
  5 lava snakes (Lair:5)
  10 orc priests
  A bombardier beetle (D:6)
  2 jellies (Lair:5)
  2 gnoll boudas (D:8)
  8 hounds
  7 iguanas
  Ijyb (D:3)
  Natasha (thrice) (D:4)
  14 orc wizards
  5 hell rats (Lair:1)
  35 gnolls
  6 adders
  A shadow imp (D:7)
  2 ufetubi (D:5)
  2 ribbon worms (D:2)
  3 dart slugs
  68 orcs
  5 ball pythons
  3 bats
  6 endoplasms
  2 giant cockroaches
  14 goblins
  8 hobgoblins
  8 jackals
  A quokka (D:1)
  3 frilled lizards (D:3)
  27 kobolds
  5 rats
644 creatures vanquished.

Vanquished Creatures (others)
  An orc wizard (Orc:2)
  26 ball lightnings
27 creatures vanquished.

Grand Total: 671 creatures vanquished

Notes
Turn   | Place    | Note
-------+----------+-------------------------------------------
     0 | D:1      | csikos the Coglin Alchemist began the quest for the Orb.
     0 | D:1      | Reached XP level 1. HP: 13/13 MP: 3/3
   105 | D:1      | Found a faded altar of an unknown god.
   156 | D:1      | Reached XP level 2. HP: 19/19 MP: 1/5
  1304 | D:2      | Reached XP level 3. HP: 23/24 MP: 3/6
  1312 | D:2      | Learned a level 2 spell: Mercury Vapours
  1316 | D:2      | Learned a level 3 spell: Mephitic Cloud
  1663 | D:2      | Reached XP level 4. HP: 27/30 MP: 0/8
  2859 | D:3      | Noticed Ijyb
  2877 | D:3      | Killed Ijyb
  2878 | D:3      | Reached XP level 5. HP: 20/35 MP: 1/9
  2942 | D:3      | Reached skill level 5 in Alchemy
  3474 | D:4      | Noticed an ogre
  3489 | D:4      | Killed an ogre
  3490 | D:4      | Noticed Natasha
  3501 | D:4      | Killed Natasha
  3502 | D:4      | Reached XP level 6. HP: 40/41 MP: 5/11
  3554 | D:4      | Noticed Natasha
  3620 | D:4      | Killed Natasha
  3698 | D:4      | Found Wiymy's Book Shop.
  3711 | D:4      | Noticed Natasha
  3744 | D:4      | Killed Natasha
  4144 | D:4      | Found a glowing golden altar of the Shining One.
  4174 | D:4      | Learned a level 4 spell: Olgreb's Toxic Radiance
  4199 | D:4      | Found a hide-covered altar of Uskayaw.
  4199 | D:4      | Noticed a sky beast
  4365 | D:4      | Reached XP level 7. HP: 4/46 MP: 7/13
  4831 | D:5      | Entered Level 5 of the Dungeon
  5316 | D:5      | Reached skill level 5 in Spellcasting
  5349 | D:5      | Noticed Prince Ribbit
  5368 | D:5      | Killed Prince Ribbit
  5369 | D:5      | Reached XP level 8. HP: 19/52 MP: 4/16
  5509 | D:5      | Noticed Pikel
  5541 | D:5      | Killed Pikel
  5709 | D:5      | Learned a level 4 spell: Sticky Flame
  5887 | D:5      | Reached skill level 1 in Fire Magic
  5887 | D:5      | Reached skill level 1 in Air Magic
  6150 | D:5      | Reached XP level 9. HP: 27/57 MP: 18/18
  6692 | D:6      | Learned a level 4 spell: Ignite Poison
  7280 | D:6      | Found a burning altar of Makhleb.
  7280 | D:6      | Found a shimmering blue altar of Sif Muna.
  7783 | D:7      | Reached skill level 1 in Fighting
  8310 | D:7      | Found a staircase to the Ecumenical Temple.
  8352 | Temple   | Entered the Ecumenical Temple
  8373 | Temple   | Became a worshipper of Vehumet
  8805 | D:7      | Identified 3 scrolls of acquirement
  8805 | D:7      | Acquired the +1 pair of gloves of the Soldier {Fly rPois}
  8838 | D:7      | Acquired the scarf of the Eight Boll Weevils {rC+ rF+,
                  | rElec Dex+4}
  8854 | D:7      | Acquired a staff of fire
  8921 | D:8      | Reached skill level 5 in Air Magic
  8921 | D:8      | Reached XP level 10. HP: 70/71 MP: 14/21
  8945 | D:8      | Found Wuorghue's Antique Armour Shop.
  8999 | D:8      | Found a flagged portal.
  9022 | Bailey   | Entered a bailey
  9120 | Bailey   | Reached * piety under Vehumet
  9120 | Bailey   | Offered knowledge of Kiss of Death by Vehumet.
  9270 | Bailey   | Noticed an orc warlord
  9352 | Bailey   | Noticed an orc knight
  9380 | Bailey   | Killed an orc knight
  9657 | Bailey   | Killed an orc warlord
  9658 | Bailey   | Reached skill level 5 in Fighting
  9658 | Bailey   | Reached skill level 5 in Fire Magic
  9889 | Bailey   | Got the Tome of Conflict
  9898 | Bailey   | Acquired 1002 gold pieces
  9951 | D:8      | Reached ** piety under Vehumet
  9986 | D:8      | Offered knowledge of Searing Ray by Vehumet.
 10155 | D:8      | Found Pown's Antique Weapon Boutique.
 10299 | D:8      | Noticed a boulder beetle
 10329 | D:8      | Killed a boulder beetle
 10330 | D:8      | Reached XP level 11. HP: 55/82 MP: 7/23
 10703 | D:8      | Noticed Grum
 10712 | D:8      | Killed Grum
 10712 | D:8      | Offered knowledge of Volatile Blastmotes by Vehumet.
 11116 | D:8      | Learned a level 4 spell: Flame Wave
 11244 | D:9      | Noticed a two-headed ogre
 11252 | D:9      | Killed a two-headed ogre
 11253 | D:9      | Reached skill level 1 in Conjurations
 11253 | D:9      | Reached skill level 10 in Alchemy
 11486 | D:9      | Identified the +1 scale mail of the Byakko {rF++ Int+2}
 11492 | D:9      | Reached *** piety under Vehumet
 11733 | D:9      | Upgraded the game from 0.32-a0-995-gb4a5920 to
                  | 0.32-a0-996-gb3226c2
 11787 | D:9      | Found an ancient bone altar of Kikubaaqudgha.
 11815 | D:9      | Noticed Maurice
 11824 | D:9      | Killed Maurice
 12012 | D:9      | Offered knowledge of Stone Arrow by Vehumet.
 12235 | D:10     | Entered Level 10 of the Dungeon
 12739 | D:10     | Found a blossoming altar of Fedhas.
 12815 | D:10     | Found an opulent altar of Gozag.
 13146 | D:11     | Found Moyfuk's General Store.
 13149 | D:11     | Noticed a two-headed ogre
 13164 | D:11     | Killed a two-headed ogre
 13188 | D:11     | Bought a potion of might for 40 gold pieces
 13193 | D:11     | Acquired a staff of air
 13375 | D:11     | Found a glowing golden altar of the Shining One.
 13543 | D:11     | Noticed a boulder beetle
 13553 | D:11     | Killed a boulder beetle
 13554 | D:11     | Reached XP level 12. HP: 91/91 MP: 12/25
 13696 | D:11     | Found a staircase to the Lair.
 13770 | D:11     | Found a staircase to the Orcish Mines.
 13919 | D:11     | Noticed a two-headed ogre
 13930 | D:11     | Killed a two-headed ogre
 14249 | D:12     | Reached **** piety under Vehumet
 14249 | D:12     | Noticed a centaur warrior
 14265 | D:12     | Killed a centaur warrior
 14569 | D:12     | Reached skill level 5 in Conjurations
 14574 | D:12     | Offered knowledge of Iskenderun's Mystic Blast by Vehumet.
 14669 | D:12     | Noticed a two-headed ogre
 14708 | D:12     | Killed a two-headed ogre
 14709 | D:12     | Reached skill level 10 in Spellcasting
 15030 | D:12     | Noticed a two-headed ogre
 15038 | D:12     | Killed a two-headed ogre
 15423 | D:12     | Identified the +3 robe "Diyxzat" {Will+ rCorr}
 15933 | Lair:1   | Entered Level 1 of the Lair of Beasts
 15984 | Lair:1   | Reached skill level 10 in Fire Magic
 15986 | Lair:1   | Reached XP level 13. HP: 42/96 MP: 2/27
 16273 | Lair:1   | Reached ***** piety under Vehumet
 16406 | Lair:1   | Offered knowledge of Plasma Beam by Vehumet.
 16698 | Lair:1   | Learned a level 6 spell: Plasma Beam
 17792 | Lair:2   | Found a staircase to the Snake Pit.
 17851 | Lair:2   | Noticed Amaemon
 17866 | Lair:2   | Killed Amaemon
 18287 | Lair:2   | Noticed Gastronok
 18298 | Lair:2   | Killed Gastronok
 19330 | Lair:2   | Reached XP level 14. HP: 103/103 MP: 15/28
 19342 | Lair:2   | Acquired a georamjet NW-00 {AutoDazzle, rPois rC+ rCorr}
 19512 | Lair:2   | Identified the ring of Moodiness {Fly Str+3 Dex+2}
 19593 | Lair:2   | Reached skill level 10 in Air Magic
 20077 | Lair:3   | Identified the +3 trident of Cheibriados's Approval {flame,
                  | *Noise rElec SInv}
 20356 | Lair:3   | Offered knowledge of Permafrost Eruption by Vehumet.
 20677 | Lair:3   | Noticed Urug
 20685 | Lair:3   | Killed Urug
 20898 | Lair:3   | Found a staircase to the Swamp.
 22126 | Lair:4   | Reached skill level 5 in Dodging
 22934 | Lair:5   | Entered Level 5 of the Lair of Beasts
 23274 | Lair:5   | Found a viscous altar of Jiyva.
 23280 | Lair:5   | Found a staircase to the Slime Pits.
 23357 | Lair:5   | Reached XP level 15. HP: 108/108 MP: 6/30
 23783 | Lair:5   | Offered knowledge of Conjure Ball Lightning by Vehumet.
 23791 | Lair:5   | Learned a level 6 spell: Conjure Ball Lightning
 24668 | Lair:5   | Found a large runed translucent door.
 24668 | Lair:5   | Found a large runed translucent door.
 25430 | Lair:5   | Reached skill level 10 in Dodging
 26036 | Orc:1    | Entered Level 1 of the Orcish Mines
 26171 | D:4      | Bought Great Wizards, Vol. II for 418 gold pieces
 26171 | D:4      | Bought a Compendium of Siegecraft for 440 gold pieces
 26313 | Orc:1    | Found Ydoesh's Weapon Shoppe.
 26426 | Orc:1    | Found a transporter.
 26436 | Orc:1    | Found Taxkij's Distillery.
 26443 | Orc:1    | Found Loma's General Store.
 26452 | Orc:1    | Bought a tin of tremorstones (2/2) for 560 gold pieces
 26476 | Orc:1    | You are sucked into a shaft and drop 1 floor!
 26476 | Orc:2    | Entered Level 2 of the Orcish Mines
 26512 | Orc:2    | Found Pasupt's Antique Armour Boutique.
 26574 | Orc:2    | Found Wuomn's Magic Scroll Boutique.
 26585 | Orc:2    | Bought 3 scrolls of teleportation for 126 gold pieces
 26585 | Orc:2    | Bought a scroll of identify for 28 gold pieces
 26585 | Orc:2    | Bought a scroll of identify for 28 gold pieces
 26621 | Orc:2    | Noticed an orc warlord
 26629 | Orc:2    | Killed an orc warlord
 26629 | Orc:2    | Offered knowledge of Arcjolt by Vehumet.
 26961 | Orc:2    | Found a staircase to the Elven Halls.
 27262 | Orc:2    | Found Regureu's Jewellery Shop.
 27296 | Orc:2    | Found an ancient bone altar of Kikubaaqudgha.
 27325 | Orc:2    | Found Unarix's Magic Scroll Boutique.
 27343 | Orc:2    | Found a radiant altar of Vehumet.
 27349 | Orc:2    | Noticed Erolcha
 27372 | Orc:2    | Mangled by a +2 spectral giant club

Illustrated notes

Levels and vault maps discovered:
D:1:      lightli_arrival_chessboard, layout_loops_corners,
          dreamdust_ecumenical_altar_grove, minmay_cupped
D:2:      layout_basic
D:3:      layout_loops_ring, hex_medium, bh_walls_and_bars, uniq_ijyb
D:4:      layout_rooms, lemuel_tele_altar, serial_shops,
          nicolae_book_shop_shelving, hex_large, minmay_ruined_shrine,
          uniq_natasha
D:5:      layout_gridville, uniq_pikel, uniq_prince_ribbit1
D:6:      layout_loops_corners, chequers_temple_overflow_statue_of_worship
D:7:      layout_rooms, minmay_temple_entry_junction
D:8:      layout_cave_pools, enter_bailey_2, serial_shops,
          nicolae_shop_window_shopping, serial_gnoll_camp, gnoll_camp_mini_hut,
          gnoll_camp_mini_loothouse, gnoll_camp_medium_02, grums_kennel,
          gnoll_camp_mini_hut, gnoll_camp_mini_shop, kennysheep_generic_room_11
D:9:      layout_basic, overflow_temple_1_default, uniq_maurice
D:10:     layout_rooms, mainiacjoe_overflow_tiny_flanked,
          mainiacjoe_overflow_boulevard, kennysheep_generic_room_14
D:11:     layout_long_grid, grunt_lair_entry_orc_guard_hut, orc_0_dummy,
          serial_shops, nicolae_shop_advertising_works
          [nicolae_subvault_shop_adworks], tso_altar
D:12:     layout_irregular_city
Temple:   nicolae_temple_elliptical
Lair:1:   layout_gridlike, grunt_megastairs_5
Lair:2:   regret_index_malice_mire, layout_regular_city,
          guppyfry_snake_entry_island, uniq_gastronok, uniq_amaemon
Lair:3:   layout_chaotic_city, minmay_swamp_entry_reptiles, uniq_urug
Lair:4:   layout_long_grid, grunt_megastairs_1
Lair:5:   cheibrodos_lair_end_hotspot, layout_hall_layers,
          nicolae_slime_entry_field_trip
Orc:1:    layout_caves, ebering_ghost_gozag, serial_shops, shop,
          nicolae_diamond_shop, shop, nicolae_shop_tiny_waterfront,
          nicolae_shop_drivethru, nicolae_orc_crystal_geode
Orc:2:    kennysheep_orc_mage_school, layout_diamond_mine, serial_shops, shop,
          nicolae_orc_minecarts

Skill      XL: |  1  2  3  4  5  6  7  8  9 10 11 12 13 14 15 |
---------------+----------------------------------------------+-----
Spellcasting   | 2 3 4 5 6 7 8 9 10 11 | 11.8
Alchemy        | 4 5 6 7 8 9 10 11 | 11.1
Fire Magic     | 1 3 5 7 10 11 | 11.3
Air Magic      | 1 5 9 11 | 11.0
Fighting       | 3 6 7 |  7.1
Conjurations   | 3 6 |  6.6
Dodging        | 7 10 | 10.0
Stealth        | |  1.5

Action                     |  1- 3 |  4- 6 |  7- 9 | 10-12 | 13-15 || total
---------------------------+-------+-------+-------+-------+-------++-------
  Melee: Unarmed           |     2 |    16 |       |       |       ||    18
         Hand axe          |     3 |       |   102 |   111 |       ||   216
         Short sword       |     9 |    81 |    97 |       |       ||   187
         Whip              |     7 |       |       |       |       ||     7
         Dagger            |     1 |    16 |       |       |       ||    17
         Staff             |       |       |     5 |   195 |   399 ||   599
   Cast: Sting             |    44 |    69 |     7 |    14 |       ||   134
         Mercury Vapours   |     1 |    19 |     5 |     5 |       ||    30
         Olgreb's Toxic Ra |       |       |    53 |   126 |   144 ||   323
         Mephitic Cloud    |       |       |     4 |    27 |    42 ||    73
         Sticky Flame      |       |       |     2 |    28 |    21 ||    51
         Ignite Poison     |       |       |       |    18 |    32 ||    50
         Flame Wave        |       |       |       |    10 |     3 ||    13
         Plasma Beam       |       |       |       |       |    98 ||    98
         Conjure Ball Ligh |       |       |       |       |     9 ||     9
Ability: Invent Gizmo      |       |       |       |       |     1 ||     1
  Evoke: Wand              |       |     5 |     3 |     4 |     2 ||    14
    Use: Scroll            |     2 |       |     8 |    13 |    15 ||    38
         Potion            |       |       |       |     1 |       ||     1
   Stab: Sleeping          |       |       |     1 |       |       ||     1
         Confused          |       |       |       |     4 |    13 ||    17
         Invisible         |       |       |       |       |     3 ||     3
 Armour: Robe              |    10 |    49 |    64 |       |       ||   123
         Skin              |       |     4 |       |       |       ||     4
         Leather armour    |       |       |    26 |   169 |   295 ||   490
  Dodge: Dodged            |    12 |    41 |    81 |   110 |   239 ||   483

Table legend: (Time is in decaauts)
 A = Elapsed time spent in this place.
 B = Non-inter-level travel time spent in this place.
 C = Inter-level travel time spent in this place.
 D = Time resting spent in this place.
 E = Time spent auto-exploring this place.
 F = Levels seen in this place.
 G = Mean time per level.
                   A        B        C        D        E       F      G
               +--------+--------+--------+--------+--------+-----+--------+
         Total |  27489 |  26298 |   1191 |   4032 |  17723 |  21 | 1309.0 |
       Dungeon |  15337 |  14495 |    842 |   1195 |  10751 |  12 | 1278.1 |
        Temple |     42 |      2 |     40 |      0 |      0 |   1 |   42.0 |
          Lair |  10128 |   9821 |    307 |   2484 |   5892 |   5 | 2025.6 |
  Orcish Mines |   1072 |   1070 |      2 |     95 |    700 |   2 |  536.0 |
        Bailey |    908 |    908 |      0 |    258 |    380 |   1 |  908.0 |
               +--------+--------+--------+--------+--------+-----+--------+

Top non-repeatable levels by time:
  Lair:5: 2909 daAuts
  Lair:2: 2496 daAuts
     D:5: 1755 daAuts
  Lair:4: 1708 daAuts
  Lair:1: 1689 daAuts
    D:12: 1552 daAuts
     D:8: 1478 daAuts
     D:4: 1389 daAuts
    D:11: 1333 daAuts
  Lair:3: 1325 daAuts
     D:2: 1280 daAuts
     D:6: 1271 daAuts
     D:9: 1253 daAuts
     D:1: 1213 daAuts
     D:7: 1078 daAuts
